 Dungeon Crawl Stone Soup version 0.29-a0-563-g64e4043184 (webtiles) character file.

Game seed: 5403454562905237406

193 YayAnonymity the Chopper (level 5, -2/61 HPs)
             Began as a Demonspawn Berserker on June 11, 2022.
             Was a Priest of Trog.
             Slain by Edmund
             ... wielding a +0 dire flail of venom
              (3 damage)
             ... on level 4 of the Dungeon.
             The game lasted 00:05:52 (3532 turns).

YayAnonymity the Chopper (Demonspawn Berserker)     Turns: 3532, Time: 00:05:52

Health: -2/61      AC: 13    Str: 18    XL:     5   Next: 44%
Magic:  5/5        EV:  6    Int: 10    God:    Trog [***...]
Gold:   689        SH:  0    Dex: 12    Spells: 4/4 levels left

rFire   + . .      SeeInvis .   a - +0 hand axe
rCold   + . .      Faith    .   (no shield)
rNeg    . . .      Spirit   .   c - +1 plate armour
rPois   .          Reflect  .   (no helmet)
rElec   .          Harm     .   h - scarf {rC+ rF+}
rCorr   .          Rampage  .   l - +0 pair of gloves
Will    .....                   (no boots)
Stlth   ..........              (no amulet)
HPRegen 0.20/turn               (no ring)
MPRegen 0.09/turn               (no ring)

@: berserking, lethally poisoned (-2 -> -28), very quick
A: spiny 2
a: Renounce Religion, Berserk, Trog's Hand


You were on level 4 of the Dungeon.
You worshipped Trog.
Trog was most pleased with you.
You visited 1 branch of the dungeon, and saw 4 of its levels.
You also visited: Sewer.

You collected 689 gold pieces.

Inventory:

Hand Weapons
 a - a +0 hand axe (weapon)
 b - a +0 great mace
Armour
 c - a +1 plate armour (worn)
 h - a scarf of resistance (worn)
 l - a +0 pair of gloves (worn)
Wands
 n - a wand of flame (40)
Scrolls
 i - a scroll of immolation
 r - a scroll of teleportation
Potions
 d - a potion of cancellation
 e - 2 potions of curing
 f - 4 potions of brilliance
 g - a potion of flight {unknown}
 j - a potion of haste {unknown}
 k - a potion of magic {unknown}
 m - a potion of ambrosia {unknown}
 o - 3 potions of lignification
 p - 2 potions of invisibility
 q - a potion of heal wounds {unknown}
 u - a potion of might {unknown}


   Skills:
 + Level 3.1 Fighting
 * Level 4.4 Axes
 + Level 2.8 Armour
 + Level 2.9 Dodging


You had 4 spell levels left.
You didn't know any spells.
Your spell library was empty.

Dungeon Overview and Level Annotations

Branches:
Dungeon (4/15)              Sewer (visited)
 Temple: D:4-7

Altars:

Annotations:
D:3 1 runed translucent door, Crazy Yiuf
D:4 Edmund


Innate Abilities, Weirdness & Mutations

You are mostly covered in sharp spines.


Message History

You feel very sick. Edmund is struck by your spines.
Edmund hits you with a +0 dire flail of venom!
You slash Edmund!
Edmund is moderately wounded.
You feel sick. Edmund hits you but does no damage.
You are more poisoned.
You hit Edmund.
Edmund is heavily wounded.
You feel very sick.
Edmund hits you with a +0 dire flail of venom!
You slash Edmund!
Edmund is severely wounded.
You feel sick.
You closely miss Edmund.
Edmund is severely wounded.
You feel sick. Edmund is struck by your spines.
Edmund hits you with a +0 dire flail of venom.
* * * LOW HITPOINT WARNING * * *
You hit Edmund.
Edmund is almost dead.
You feel sick. Edmund hits you but does no damage.
You are lethally poisoned!
You hit Edmund but do no damage.
Edmund is almost dead.
* * * LOW HITPOINT WARNING * * *
You feel very sick.
You hit Edmund.
Edmund is almost dead.
* * * LOW HITPOINT WARNING * * *
You feel very sick.
Edmund hits you with a +0 dire flail of venom.
* * * LOW HITPOINT WARNING * * *
You are more poisoned.
You hit Edmund.
Edmund is almost dead.
* * * LOW HITPOINT WARNING * * *
You feel very sick.
Edmund hits you with a +0 dire flail of venom.
You die...

#..†..# .....<##
..†....# ####
.......## #...#
........# ##.....
..#...#.## ##.......
###......## ##........
#....#..# ##.........
##...#..####..@@......
#...†#..##...........
##...##.#...........(
#...##.............(
#....##............(
#....##..#.#........
##...###.#^#........
#[...##.#8#########
#....#..#^#


You could see Edmund.

Vanquished Creatures
  A hound (D:4)
  An orc wizard (D:3)
  3 adders
  A river rat (Sewer)
  3 worms
  2 dart slugs
  4 orcs
  10 ball pythons
  3 endoplasms
  3 giant cockroaches
  6 goblins
  11 hobgoblins
  6 jackals
  3 kobolds
  7 quokkas
  4 bats
  6 frilled lizards
  13 rats
87 creatures vanquished.

Vanquished Creatures (others)
  A fungus (D:3)
1 creature vanquished.

Grand Total: 88 creatures vanquished

Notes
Turn   | Place    | Note
-------+----------+-------------------------------------------
     0 | D:1      | YayAnonymity the Demonspawn Berserker began the quest for
                  | the Orb.
     0 | D:1      | Reached XP level 1. HP: 18/18 MP: 1/1
   318 | D:1      | Reached skill level 3 in Axes
   410 | D:1      | Gained mutation: You are partially covered in sharp spines.
                  | [demonic ancestry]
   410 | D:1      | Reached XP level 2. HP: 17/24 MP: 2/2
  1035 | D:2      | Reached XP level 3. HP: 29/29 MP: 3/3
  1134 | D:2      | Identified the +1 robe "Nued" {rF+ Will- Dex+3}
  1194 | D:2      | Reached ** piety under Trog
  2239 | D:3      | Identified a scroll of acquirement
  2239 | D:3      | Acquired 497 gold pieces
  2280 | D:3      | Reached XP level 4. HP: 26/35 MP: 4/4
  2515 | D:3      | Found a glowing drain.
  2519 | Sewer    | Entered a sewer
  2578 | Sewer    | Reached *** piety under Trog
  2646 | Sewer    | Reached skill level 4 in Axes
  3099 | D:3      | Gained mutation: You are mostly covered in sharp spines.
                  | [demonic ancestry]
  3099 | D:3      | Reached XP level 5. HP: 40/41 MP: 5/5
  3115 | D:3      | Found a runed translucent door.
  3116 | D:3      | Noticed Crazy Yiuf
  3514 | D:4      | Noticed Edmund
  3532 | D:4      | HP: 1/61 [poisoned by Edmund]
  3532 | D:4      | Slain by Edmund

Illustrated notes

Levels and vault maps discovered:
D:1:      tarquinn_simple_flora_water_b, layout_rooms
D:2:      layout_basic, minmay_goblin_outpost
D:3:      layout_loops_cross, gup_sewer_entry_spiral, st_stairs_7,
          uniq_crazy_yiuf_cottage
D:4:      layout_cave_pods, nicolae_overflow_hallway_of_the_gods,
          ebering_dispersal_statue_hall, kennysheep_big_empty_room, uniq_edmund

Skill      XL: |  1  2  3  4 |
---------------+-------------+-----
Axes           | 3 4 |  4.4
Armour         | 2 |  2.8
Dodging        | 2 |  2.9
Fighting       | |  3.1

Action                   |  1- 3 |  4- 6 || total
-------------------------+-------+-------++-------
Melee: Hand axe          |   123 |    83 ||   206
Throw: Javelin           |       |     3 ||     3
Invok: Berserk           |     1 |     1 ||     2
  Use: Scroll            |     9 |     5 ||    14
Armor: Scale mail        |    37 |    19 ||    56
       Animal skin       |     4 |       ||     4
       Plate armour      |       |    23 ||    23
Dodge: Dodged            |    59 |    25 ||    84

Table legend: (Time is in decaauts)
 A = Elapsed time spent in this place.
 B = Non-inter-level travel time spent in this place.
 C = Inter-level travel time spent in this place.
 D = Time resting spent in this place.
 E = Time spent auto-exploring this place.
 F = Levels seen in this place.
 G = Mean time per level.
                   A        B        C        D        E       F      G
               +--------+--------+--------+--------+--------+-----+--------+
         Total |   3649 |   3554 |     95 |     40 |   2594 |   5 |  729.8 |
       Dungeon |   3308 |   3213 |     95 |     40 |   2360 |   4 |  827.0 |
         Sewer |    340 |    340 |      0 |      0 |    234 |   1 |  340.0 |
               +--------+--------+--------+--------+--------+-----+--------+

Top non-repeatable levels by time:
     D:2: 1255 daAuts
     D:3: 1071 daAuts
     D:1: 890 daAuts
   Sewer: 340 daAuts
     D:4: 91 daAuts
